 Dungeon Crawl Stone Soup version 0.17.0-18-gaab0e96 (webtiles) character file.

126691 dysrexia the Fencer (level 16, -1/124 (125) HPs)
             Began as a Vampire Fighter on Nov 12, 2015.
             Was the Champion of Okawaru.
             Succumbed to a death drake's dark miasma
             ... on level 1 of the Abyss.
             The game lasted 02:21:52 (29841 turns).

dysrexia the Fencer (Vampire Fighter)              Turns: 29841, Time: 02:21:52

HP:   -1/124 (125)  AC: 34    Str: 19      XL:     16   Next: 44%
MP:   3/31          EV: 21    Int: 14      God:    Okawaru [******]
Gold: 2419          SH:  0    Dex: 14 (15) Spells: 0 memorised, 15 levels left

rFire  + . .     SeeInvis +     Z - +4 triple sword (protect)
rCold  . . .     Rnd*Rage +     I - +3 chain mail {rF+}
rNeg   . . .     SustAt   .     (shield currently unavailable)
rPois  .         Gourm    .     L - +2 helmet {Int+3}
rElec  .         Spirit   +     g - +1 cloak
rCorr  .         Warding  .     y - +1 pair of gloves {Str+3}
rMut   .         Stasis   .     c - +2 pair of boots {Fly}
MR     +....                    n - amulet of guardian spirit
Stlth  ..........               K - ring of magical power
                                p - +4 ring of evasion

@: lethally poisoned (-1 -> -52), heroism, regenerating quickly, slowed, very
slow, somewhat resistant to hostile enchantments, extremely unstealthy
A: fangs 3, see invisible, berserk 1, clumsy 1, spit poison 1, weak 1,
unbreathing, subdued magic 1
a: Spit Poison, Heroism, Finesse, Renounce Religion, Evoke Flight


You were on level 1 of the Abyss.
You worshipped Okawaru.
Okawaru was exalted by your worship.
You were very full.

You visited 4 branches of the dungeon, and saw 28 of its levels.
You visited the Abyss 1 time.
You also visited: Sewer, Bailey and Ice Cave.

You collected 3211 gold pieces.
You spent 792 gold pieces at shops.

Inventory:

Hand Weapons
 e - a +0 blowgun
 j - the +6 rapier of Negat {pierce, rElec Dex+4}
   (You found it on level 1 of the Lair of Beasts)

   It inflicts extra damage upon your enemies.
   It affects your dexterity (+4).
   It insulates you from electricity.
 A - a +0 scimitar of flaming
 Z - a +4 triple sword of protection (weapon)
Missiles
 s - 96 poisoned needles
 P - 456 stones (quivered)
Armour
 c - a +2 pair of boots of flying (worn)
 g - a +1 cloak (worn)
 y - a +1 pair of gloves of strength (worn)
 F - a +2 steam dragon armour
 I - a +3 chain mail of fire resistance (worn)
 L - a +2 helmet of intelligence (worn)
 X - a +3 plate armour of cold resistance
Jewellery
 l - an uncursed ring of positive energy
 n - an amulet of guardian spirit (around neck)
 p - a +4 ring of evasion (left hand)
 G - an uncursed ring of protection from cold
 H - an uncursed ring of loudness
 K - a ring of magical power (right hand)
 U - an uncursed ring of fire {unknown}
 W - an uncursed ring of positive energy
Wands
 a - a wand of heal wounds (0)
 u - a wand of digging (4)
 z - a wand of cold (10)
 D - a wand of fire (5)
 J - a wand of frost (22)
 N - a wand of teleportation (5)
 S - a wand of cold (6)
Scrolls
 b - 5 scrolls of magic mapping
 f - 9 scrolls of remove curse
 h - a scroll of identify
 r - 2 scrolls of enchant weapon
 x - 3 scrolls of recharging
 B - 3 scrolls of blinking
 E - a scroll of fear
 M - a scroll of enchant armour
 O - 2 scrolls of fog
Potions
 d - 7 potions of might
 i - 3 potions of ambrosia
 k - 2 potions of cancellation
 m - 5 potions of blood
 o - 2 potions of berserk rage
 t - 5 potions of magic
 w - a potion of brilliance
 C - a potion of haste
 T - 2 potions of agility
 V - a potion of resistance {unknown}
Books
 Y - an Akashic Record

   Spells                             Type                      Level
   a - Dispersal                      Translocation                6
   b - Malign Gateway                 Summoning/Translocation      7
   c - Disjunction                    Translocation                8
   d - Controlled Blink               Translocation                8
Miscellaneous
 R - a lamp of fire


   Skills:
 - Level 11.2(16.2) Fighting
 * Level 17.7(22.7) Long Blades
 + Level 11.3(16.3) Armour
 + Level 14.4(19.4) Dodging
   Level 2.6(7.6) Shields
 - Level 8.3 Invocations


You had 15 spell levels left.
You didn't know any spells.

Dungeon Overview and Level Annotations

Branches:
Dungeon (15/15)            Temple (1/1) D:6            Lair (8/8) D:10
 Shoals (0/4) Lair:4        Snake (0/4) Lair:3        Slime (0/6) Lair:8
    Orc (4/4) D:9             Elf (0/3) Orc:3        Vaults (0/5) D:13
 Depths: D:15

Altars:
Ashenzari
Cheibriados
Dithmenos
Elyvilon
Fedhas
Gozag
Kikubaaqudgha
Makhleb
Nemelex Xobeh
Okawaru
Qazlal
Ru
Sif Muna
Trog
Vehumet
Xom
Yredelemnul
Zin
The Shining One
Beogh
Jiyva

Shops:
D:6 }   Orc:3 *   Orc:4 =*[(

Portals:
Hell: Lair:8

Annotations:
D:15 Louise
Lair:3 B1inky's ghost, journeyman OpFi
Lair:7 exclusion: oklob plant


Innate Abilities, Weirdness & Mutations

Your natural rate of healing is unusually fast.
You have razor-sharp teeth.
You have supernaturally acute eyesight.
You can survive without breathing.
You can spit weak poison.
Your spells are a little easier to cast, but a little less powerful.
[You tend to lose your temper in combat.]
[You are clumsy. (Dex -2)]
[You are weak. (Str -2)]


Message History

The wolf spider zombie hits you but does no damage.
The wolf spider zombie misses you. The death drake completely misses you.
The quasit barely misses you. x2
The quasit closely misses you.
The wolf spider zombie completely misses you. x2
You hit the death drake but do no damage.
The death drake is almost dead.
* * * LOW HITPOINT WARNING * * *
You feel very sick. The death drake closely misses you.
The quasit bites you but does no damage.
The quasit completely misses you. x2
The wolf spider zombie completely misses you.
The wolf spider zombie bites you but does no damage.
The death drake misses you. The quasit barely misses you.
The quasit misses you. x2
You slash the death drake!
You kill the death drake!
Okawaru accepts your kill.
You die...

. #. . ... # #. #
##. . . #.##
.....###. .
#.#..###....... #
#.##...........
... ......#..#.#
##
...#.....##..##.#
##.....##.... .
#.@Z.....##...#..
#.#.##5...#...#
#. ....#
#####)...#. . #
..# . .... # . #
..### . #. # # #
#


You could see a quasit and a wolf spider zombie.

Vanquished Creatures
  Saint Roka (Orc:4)
  An Executioner (Abyss:1)
  A tentacled starspawn (Abyss:1)
  Kirke (D:14)
  A frost giant (IceCv)
  The ghost of Medar the Brawler, a journeyman TrWr of Jiyva (Orc:4)
  3 very ugly things (Abyss:1)
  Nessos (D:14)
  A salamander stormcaller (D:14)
  Snorg (Lair:7)
  2 vault guards (D:13)
  2 fire dragons
  Fannar (D:10)
  10 hydras
  A hell beast (Lair:8)
  2 catoblepae
  Erica (D:9)
  3 centaur warriors
  2 tengu warriors
  2 orc high priests
  4 thrashing horrors (Abyss:1)
  Urug (Orc:2)
  2 hell hogs (Abyss:1)
  A wretched star (Abyss:1)
  2 unseen horrors
  A death drake (Abyss:1)
  A shadow demon (Abyss:1)
  3 wizards
  4 necromancers (D:13)
  7 orc knights
  6 ugly things
  3 griffons
  3 cyclopes
  2 orc sorcerers (Orc:4)
  4 elephants (Lair:8)
  2 manticores
  2 centaur zombies (D:14)
  3 worldbinders (Abyss:1)
  5 black mambas
  2 sixfirhies (Abyss:1)
  A rust devil (Abyss:1)
  An ice statue (IceCv)
  2 smoke demons (Abyss:1)
  Psyche (D:10)
  A gargoyle (D:13)
  3 orange demons (Lair:8)
  2 apocalypse crabs (Abyss:1)
  A molten gargoyle (Lair:5)
  10 large abominations (Abyss:1)
  5 fire drakes
  A hellion (Abyss:1)
  5 ancient zymes (Abyss:1)
  9 spiny frogs
  A hellwing (Lair:8)
  3 blue devils (Lair:8)
  10 komodo dragons
  2 two-headed ogres
  18 polar bears
  4 red devils (Lair:8)
  5 trolls
  2 raiju (Abyss:1)
  5 slime creatures (D:12)
  A boulder beetle (Lair:6)
  10 blink frogs
  A hornet zombie (D:14)
  A shadow (D:13)
  2 vampires
  2 wraiths
  A trapdoor spider (D:12)
  2 basilisks
  16 humans (D:13)
  Eustachio (D:7)
  A fire elemental (Lair:5)
  A water elemental (D:11)
  64 yaks
  A deep elf fighter (D:7)
  18 small abominations (Abyss:1)
  2 chaos spawn (Abyss:1)
  A deep elf mage (D:12)
  A ynoxinul (Abyss:1)
  A hog (D:14)
  6 hungry ghosts
  13 hippogriffs
  6 vampire mosquitoes
  2 nagas (Lair:3)
  2 neqoxecs (Abyss:1)
  Menkaure (D:7)
  18 water moccasins
  Edmund (D:6)
  40 wolves
  4 wargs
  9 porcupines
  2 black bears
  2 sky beasts
  7 ice beasts
  A fire dragon simulacrum (Abyss:1)
  2 wasps (D:10)
  2 eyes of draining
  5 ogres
  A necrophage (D:10)
  9 centaurs
  10 starcursed masses (Abyss:1)
  2 phantoms
  34 orc warriors
  16 crocodiles
  Blork the orc (D:6)
  A big kobold (D:14)
  30 giant frogs
  A gnoll sergeant (D:7)
  A wyvern zombie (D:13)
  6 killer bees (D:11)
  6 scorpions
  8 wights
  A vampire bat (D:3)
  10 hounds
  4 crimson imps
  3 giant frog zombies
  10 worker ants
  3 giant frog skeletons
  15 orc priests
  Ijyb (D:3)
  23 jellies
  26 orc wizards
  3 quasits
  3 iron imps (Abyss:1)
  5 centaur skeletons
  7 iguanas
  13 sheep
  15 gnolls
  7 adders
  70 river rats
  2 shadow imps
  2 white imps (Abyss:1)
  An ufetubus (Abyss:1)
  7 oozes
  An adder skeleton (D:7)
  5 worms
  4 fire bats
  7 giant geckos
  124 orcs
  2 spectral bats (D:3)
  3 ball pythons (Sewer)
  15 bats
  3 bat skeletons (D:3)
  A bat zombie (D:3)
  6 giant cockroaches
  10 goblins
  4 hobgoblins
  6 jackals
  A bat simulacrum (D:3)
  9 giant newts
  8 kobolds
  A quokka (D:7)
  A quokka skeleton (D:6)
  6 rats
  A fire vortex (Lair:5)
1013 creatures vanquished.

Vanquished Creatures (others)
  2 humans (D:14)
  A water moccasin (Lair:8)
  2 crocodiles
  A fire vortex (D:14)
  4 fungi
  2 lurking horrors (Abyss:1)
  3 plants (Lair:1)
  10 starspawn tentacles (Abyss:1)
  86 starspawn tentacle segments (Abyss:1)
111 creatures vanquished.

Grand Total: 1124 creatures vanquished

Notes
Turn   | Place    | Note
--------------------------------------------------------------
     0 | D:1      | dysrexia the Vampire Fighter began the quest for the Orb.
     0 | D:1      | Reached XP level 1. HP: 17/17 MP: 1/1
   320 | D:1      | Reached XP level 2. HP: 23/23 MP: 2/2
   414 | D:1      | Reached skill level 3 in Long Blades
   577 | D:1      | Reached XP level 3. HP: 28/28 MP: 3/3
   884 | D:2      | Found a bloodstained altar of Trog.
   959 | D:2      | Reached skill level 4 in Long Blades
  1244 | D:2      | You fall through a shaft for 2 floors!
  1319 | D:4      | Reached XP level 4. HP: 25/34 MP: 4/4
  1430 | D:3      | Noticed Ijyb
  1443 | D:3      | Killed Ijyb
  1443 | D:3      | Reached skill level 5 in Long Blades
  1443 | D:3      | Reached XP level 5. HP: 32/39 MP: 5/5
  1896 | D:3      | Found an opulent altar of Gozag.
  1999 | D:3      | Noticed a phantom
  2074 | D:3      | Killed a phantom
  2074 | D:3      | Reached skill level 6 in Long Blades
  2155 | D:3      | Reached XP level 6. HP: 46/46 MP: 6/6
  2287 | D:3      | Reached skill level 7 in Long Blades
  2699 | D:4      | Found a radiant altar of Vehumet.
  2970 | D:4      | Reached XP level 7. HP: 43/51 MP: 7/7
  3197 | D:5      | Entered Level 5 of the Dungeon
  3253 | D:5      | Found a snail-covered altar of Cheibriados.
  3539 | D:5      | Reached skill level 8 in Long Blades
  3564 | D:5      | Got a slimy mace
  3565 | D:5      | Identified the +5 mace of the Vaults {flame, *Confuse rC+ Dex+2} (You found it on level 5 of the Dungeon)
  3692 | D:5      | Found a glowing drain.
  3698 | Sewer    | Entered a sewer
  3706 | Sewer    | Reached skill level 1 in Dodging
  4200 | D:6      | Noticed Blork the orc
  4225 | D:6      | Killed Blork the orc
  4276 | D:6      | Found an ancient bone altar of Kikubaaqudgha.
  4334 | D:6      | Noticed Edmund
  4360 | D:6      | Killed Edmund
  4423 | D:6      | Reached XP level 8. HP: 49/57 MP: 6/8
  4465 | D:6      | Reached skill level 9 in Long Blades
  4567 | D:7      | Noticed Eustachio
  4864 | D:6      | Found Ycuczu's Gadget Shoppe.
  4877 | D:6      | Found a staircase to the Ecumenical Temple.
  4883 | Temple   | Entered the Ecumenical Temple
  5031 | Temple   | Became a worshipper of Warmaster Okawaru
  5374 | D:7      | Reached skill level 10 in Long Blades
  5534 | D:7      | Found a stormy altar of Qazlal.
  5563 | D:7      | Killed Eustachio
  5563 | D:7      | Reached * piety under Okawaru
  5563 | D:7      | Reached XP level 9. HP: 42/62 MP: 9/9
  5826 | D:7      | Reached skill level 5 in Dodging
  5834 | D:7      | Noticed Menkaure
  5842 | D:7      | Killed Menkaure
  6310 | D:7      | Reached ** piety under Okawaru
  6410 | D:7      | Reached skill level 5 in Armour
  6519 | D:8      | Found a burning altar of Makhleb.
  6594 | D:8      | Found a glowing golden altar of the Shining One.
  6681 | D:8      | Got a transparent ring mail
  6726 | D:8      | Reached skill level 5 in Fighting
  6902 | D:8      | Reached XP level 10. HP: 69/74 MP: 8/10
  6956 | D:8      | Noticed a red ugly thing
  7036 | D:8      | Found a viscous altar of Jiyva.
  7125 | D:8      | Identified the +3 ring mail "Tilyterch" {rElec rF+ MP-9 Dex+2} (You found it on level 8 of the Dungeon)
  7128 | D:9      | Found a staircase to the Orcish Mines.
  7216 | D:9      | Reached *** piety under Okawaru
  7823 | D:10     | Entered Level 10 of the Dungeon
  8013 | D:10     | Noticed Erica
  8071 | D:9      | Killed Erica
  8271 | D:10     | Reached **** piety under Okawaru
  8318 | D:10     | Noticed Psyche
  8325 | D:10     | Killed Psyche
  8347 | D:10     | Noticed Fannar
  8423 | D:10     | Killed Fannar
  8738 | D:10     | Found a staircase to the Lair.
  8884 | Lair:1   | Entered Level 1 of the Lair of Beasts
  8947 | Lair:1   | Reached skill level 1 in Invocations
  8947 | Lair:1   | Reached XP level 11. HP: 65/86 MP: 6/11
  9071 | Lair:1   | Reached ***** piety under Okawaru
  9204 | Lair:1   | Noticed a black mamba
  9218 | Lair:1   | Killed a black mamba
  9380 | Lair:1   | Received a gift from Okawaru
  9470 | Lair:1   | Got a bloodstained rapier
  9471 | Lair:1   | Identified the +6 rapier of Negat {pierce, rElec Dex+4} (You found it on level 1 of the Lair of Beasts)
  9556 | Lair:1   | Reached skill level 10 in Fighting
 10017 | Lair:2   | Noticed a seven-headed hydra
 10214 | Lair:2   | Killed a two-headed hydra
 10214 | Lair:2   | Reached skill level 11 in Fighting
 10214 | Lair:2   | Reached skill level 5 in Invocations
 10214 | Lair:2   | Reached XP level 12. HP: 64/100 MP: 11/15
 10637 | Lair:3   | Noticed B1inky's ghost (journeyman OpFi)
 10926 | Lair:3   | Found a staircase to the Snake Pit.
 11315 | Lair:3   | Received a gift from Okawaru
 12288 | Lair:4   | Noticed a catoblepas
 12309 | Lair:4   | Killed a catoblepas
 12345 | Lair:4   | Found a staircase to the Shoals.
 12606 | Lair:4   | Reached skill level 12 in Long Blades
 12972 | Lair:4   | Noticed a five-headed hydra
 12983 | Lair:4   | Killed a one-headed hydra
 13487 | Lair:5   | Noticed a fire dragon
 13512 | Lair:5   | Killed a fire dragon
 14111 | Lair:5   | Reached XP level 13. HP: 106/106 MP: 17/17
 14113 | Lair:5   | Reached skill level 10 in Dodging
 14695 | Lair:6   | Found a shimmering altar of Xom.
 15171 | Lair:7   | Received a gift from Okawaru
 15392 | Lair:7   | Found a frozen archway.
 15421 | IceCv    | Entered an ice cave
 15501 | IceCv    | Reached skill level 13 in Long Blades
 16154 | IceCv    | Noticed a frost giant
 16447 | IceCv    | Killed a frost giant
 16773 | Lair:7   | Noticed Snorg
 16796 | Lair:7   | Killed Snorg
 17082 | Lair:7   | Reached XP level 14. HP: 91/113 MP: 19/19
 17125 | Lair:8   | Entered Level 8 of the Lair of Beasts
 17206 | Lair:8   | Found a staircase to the Slime Pits.
 17318 | Lair:8   | Reached skill level 14 in Long Blades
 17499 | Lair:8   | Received a gift from Okawaru
 17668 | Lair:8   | Gained mutation: You can spit weak poison. [potion of beneficial mutation]
 17782 | Lair:8   | Paralysed by a wizard for 3 turns
 17806 | Lair:8   | Found a burning altar of Makhleb.
 18852 | Lair:8   | Received a gift from Okawaru
 18871 | Lair:8   | Found a gateway to Hell.
 19504 | Orc:1    | Entered Level 1 of the Orcish Mines
 19529 | Orc:1    | Found a roughly hewn altar of Beogh.
 19984 | Orc:2    | Noticed Urug
 19995 | Orc:2    | Killed Urug
 20028 | Orc:2    | Found a roughly hewn altar of Beogh.
 20077 | Orc:2    | Found a roughly hewn altar of Beogh.
 20083 | Orc:2    | Received a gift from Okawaru
 20288 | Orc:3    | Found Pigad's Assorted Antiques.
 20312 | Orc:3    | Bought a potion of might for 128 gold pieces
 20312 | Orc:3    | Bought a scroll of identify for 64 gold pieces
 20312 | Orc:3    | Bought a scroll of blinking for 240 gold pieces
 20312 | Orc:3    | Bought a scroll of enchant weapon for 240 gold pieces
 20390 | Orc:3    | Found a burning altar of Makhleb.
 20450 | Orc:4    | Entered Level 4 of the Orcish Mines
 20488 | Orc:4    | Noticed Medar's ghost (journeyman TrWr)
 20813 | Orc:3    | Found a staircase to the Elven Halls.
 21227 | Orc:4    | Noticed Saint Roka
 21510 | Orc:4    | Killed Medar's ghost
 21510 | Orc:4    | Reached skill level 15 in Long Blades
 21912 | Orc:4    | Killed Saint Roka
 22528 | Orc:4    | Found a roughly hewn altar of Beogh.
 22717 | Orc:4    | Found Gokhaang's Antique Weapon Emporium.
 22723 | Orc:4    | Found Wumm's General Store.
 22727 | Orc:4    | Found Cepoisu's Jewellery Emporium.
 22778 | Orc:4    | Found Ugosch's Antique Armour Emporium.
 22871 | Orc:4    | Bought a scroll of fog for 30 gold pieces
 22871 | Orc:4    | Bought a potion of curing for 45 gold pieces
 22871 | Orc:4    | Bought a potion of curing for 45 gold pieces
 22996 | D:11     | Reached XP level 15. HP: 119/119 MP: 21/21
 23579 | D:11     | Reached skill level 10 in Armour
 24122 | D:12     | Received a gift from Okawaru
 25315 | D:13     | Reached skill level 16 in Long Blades
 25472 | D:13     | Found a glowing golden altar of the Shining One.
 25649 | D:13     | Reached ****** piety under Okawaru
 25772 | D:13     | Found a gate to the Vaults.
 25805 | D:13     | Received a gift from Okawaru
 26118 | D:14     | Found a flagged portal.
 26137 | Bailey   | Entered a bailey
 26681 | D:14     | Noticed Kirke
 26682 | D:14     | Noticed a sphinx
 26725 | D:14     | Killed Kirke
 26873 | D:14     | Found a sacrificial altar of Ru.
 26902 | D:14     | Noticed Nessos
 26911 | D:14     | Killed Nessos
 27501 | D:15     | Entered Level 15 of the Dungeon
 27758 | D:15     | Noticed Louise
 27758 | D:15     | Cast into the Abyss (Louise)
 27936 | Abyss:1  | Noticed a tentacled starspawn
 28238 | Abyss:1  | Noticed a tentacled starspawn
 28252 | Abyss:1  | Killed a tentacled starspawn
 28272 | Abyss:1  | Noticed an Executioner
 28285 | Abyss:1  | Killed an Executioner
 28285 | Abyss:1  | Reached skill level 17 in Long Blades
 28285 | Abyss:1  | Reached XP level 16. HP: 43/125 MP: 14/22
 28451 | Abyss:1  | Paralysed by you for 2 turns
 28454 | Abyss:1  | Received a gift from Okawaru
 28972 | Abyss:1  | Gained mutation: Your spells are a little easier to cast, but a little less powerful. [a neqoxec]
 29137 | Abyss:1  | Noticed a lich
 29312 | Abyss:1  | Noticed a bone dragon
 29829 | Abyss:1  | HP: 6/124 [poisoned by a death drake (dark miasma)]
 29840 | Abyss:1  | HP: 5/124 [poisoned by a death drake (dark miasma)]
 29841 | Abyss:1  | Succumbed to a death drake's dark miasma

Action                   |  1- 3 |  4- 6 |  7- 9 | 10-12 | 13-15 | 16-18 || total
-------------------------+-------+-------+-------+-------+-------+-------++-------
Melee: Long sword        |   122 |   215 |   329 |       |       |       ||   666
       Great sword       |       |       |   154 |  1057 |  2319 |    50 ||  3580
       Scimitar          |       |       |       |    11 |   193 |       ||   204
       Triple sword      |       |       |       |       |       |   339 ||   339
Throw: Stone             |       |       |       |     7 |     2 |       ||     9
Invok: Heroism           |       |       |       |     9 |    11 |     5 ||    25
       Finesse           |       |       |       |       |     3 |       ||     3
 Abil: Stop Flying       |       |       |       |       |     2 |       ||     2
       Evoke Flight      |       |       |       |       |     1 |       ||     1
Evoke: Wand              |       |       |       |       |     1 |     4 ||     5
  Use: Potion            |    11 |     6 |    25 |    39 |    74 |    18 ||   173
       Scroll            |       |    12 |     7 |     4 |     6 |     1 ||    30
 Stab: Sleeping          |       |       |       |     1 |     1 |       ||     2
       Distracted        |       |       |       |       |     1 |       ||     1
